Sound Tigers vs Senators
Created - February 5, 2022 at 22:12
Goals
|
| Sound Tigers |
3 |
5 |
0 |
8 |
| Senators |
0 |
1 |
0 |
1 |
|
Shots
|
| Sound Tigers |
15 |
14 |
8 |
37 |
| Senators |
11 |
10 |
8 |
29 |
|
1st period
1. Sound Tigers , Julian Melchiori 4 (Garret Ross 6, Slater Koekkoek 6) at 11:13
2. Sound Tigers , Tyrell Goulbourne 7 (Rhett Gardner 4, Connor Murphy 17) at 12:08
3. Sound Tigers , James Livingstone 10 (Garret Ross 7, Slater Koekkoek 7) at 14:01
Penalties :
Zachary Sanford (Bel) for Roughing (Minor) at 7:35, Joonas Lyytinen (Bel) for Holding (Minor) at 19:41
2nd period
4. Sound Tigers , Pavel Kraskovsky 10 (Garret Ross 8, James Livingstone 12) at 0:36 (PP)
5. Sound Tigers , James Sheppard 14 (Garret Ross 9, Julian Melchiori 11) at 4:59 (SH)
6. Sound Tigers , Connor Murphy 6 (Gabriel Carlsson 4, Brad Ross 2) at 10:08
7. Sound Tigers , Scott Glennie 7 (Tyrell Goulbourne 9, Julian Melchiori 12) at 18:37
8. Senators , Dmitry Sinitsyn 3 (Christoph Bertschy 19, Zachary Sanford 16) at 19:11 (PP)
9. Sound Tigers , James Sheppard 15 (Ryan Bourque 15, Borna Rendulic 15) at 19:26
Penalties :
Dylan McIlrath (BRI) for Hooking (Minor) at 4:09, Pavel Francouz (BRI) for Slashing (Minor) at 6:40 - Connor Murphy served the penalty, Tomas Jurco (Bel) for Interference (Minor) at 10:21, James Livingstone (BRI) for Cross-checking (Minor) at 19:05, Pavel Kraskovsky (BRI) for Tripping (Minor) at 19:31
3rd period
No Goal
Penalties :
Keegan Lowe (Bel) for Hooking (Minor) at 9:08, Pavel Kraskovsky (BRI) for Interference (Minor) at 16:16
Goalie Stats
Pavel Francouz (BRI), 28 saves from 29 shots - (0.966), W, 12-9-2, 60:00 minutes
Keven Bouchard (Bel), 9 saves from 13 shots - (0.692), 18:50 minutes
Scott Wedgewood (Bel), 20 saves from 24 shots - (0.833), L, 0-3-1, 41:10 minutes
Players Stats for Sound Tigers
Player Name G A P +/- PIM S H SB GA TA FO MP PP MP PK MP
------------------------------------------------------------------------------------
Alexander Yelesin 0 0 0 1 0 1 0 0 0 0 0/0 14:04 0:00 2:33
Ben Johnson 0 0 0 0 0 1 1 0 0 0 1/3 6:53 0:00 0:08
Blake Speers 0 0 0 0 0 0 0 0 0 0 0/0 0:12 0:08 0:00
Borna Rendulic 0 1 1 1 0 3 4 0 0 0 1/1 20:41 3:57 1:52
Brad Ross 0 1 1 1 0 1 0 0 0 0 0/1 9:27 0:00 1:09
Brandon Gignac 0 0 0 1 0 0 0 0 0 0 0/0 2:46 0:00 1:08
Connor Murphy 1 1 2 3 0 6 1 3 0 1 0/0 27:17 4:14 3:59
Dylan McIlrath 0 0 0 2 2 0 1 2 0 1 0/0 25:32 4:14 3:40
Gabriel Carlsson 0 1 1 1 0 1 0 0 0 0 0/0 11:35 0:00 0:04
Garret Pilon 0 0 0 0 0 0 0 0 0 0 0/0 0:15 0:11 0:00
Garret Ross 0 4 4 3 0 4 3 2 4 0 0/1 19:36 2:47 4:58
James Livingstone 1 1 2 2 2 3 2 1 1 1 1/2 16:19 2:47 1:52
James Sheppard 2 0 2 2 0 7 0 0 1 1 8/12 23:51 3:57 4:57
Josh Archibald 0 0 0 0 0 0 1 0 0 0 0/0 6:45 0:00 0:00
Julian Melchiori 1 2 3 4 0 1 1 0 0 0 0/0 21:32 2:38 2:54
Pavel Kraskovsky 1 0 1 2 4 1 1 0 0 0 4/17 14:36 2:47 0:00
Rhett Gardner 0 1 1 2 0 2 2 0 0 0 2/2 10:01 0:00 0:00
Ryan Bourque 0 1 1 1 0 1 1 0 2 0 15/30 18:58 4:02 0:00
Scott Glennie 1 0 1 2 0 1 1 0 0 1 0/0 10:01 0:00 0:00
Slater Koekkoek 0 2 2 4 0 2 0 1 0 1 0/0 21:32 2:38 2:54
Tyrell Goulbourne 1 1 2 2 0 2 0 0 0 0 0/0 10:01 0:00 0:00
Players Stats for Senators
Player Name G A P +/- PIM S H SB GA TA FO MP PP MP PK MP
------------------------------------------------------------------------------------
Adam Ollas-Mattsson 0 0 0 0 0 0 0 0 0 0 0/0 0:00 0:00 0:00
Anthony Richard 0 0 0 0 0 0 0 0 0 0 1/2 1:23 0:07 1:16
Chandler Stephenson 0 0 0 0 0 0 0 0 0 0 2/2 4:18 0:00 0:00
Christoph Bertschy 0 1 1 -3 0 6 0 1 1 0 25/48 22:44 5:09 4:12
Dmitry Sinitsyn 1 0 1 -4 0 3 3 3 0 0 0/0 26:58 5:18 4:31
Dylan Blujus 0 0 0 -2 0 1 0 0 0 0 0/0 20:54 2:44 2:21
Gustav Forsling 0 0 0 0 0 0 0 0 0 0 0/0 2:02 0:00 0:00
Joonas Lyytinen 0 0 0 -1 2 0 1 3 0 0 0/0 11:21 0:00 0:42
Jordan Schroeder 0 0 0 -1 0 2 2 0 0 1 4/8 16:35 2:46 1:24
Keegan Lowe 0 0 0 -2 2 2 1 2 0 1 0/0 19:54 2:44 1:39
Kevin Rooney 0 0 0 -3 0 4 0 0 1 0 3/6 15:34 0:00 0:00
Michael Matheson 0 0 0 -4 0 0 0 2 0 3 0/0 28:43 5:18 4:31
Oliver Bjorkstrand 0 0 0 -1 0 1 1 0 1 0 0/0 15:27 2:46 0:00
Scott Harrington 0 0 0 -1 0 0 2 1 0 0 0/0 10:06 0:00 0:00
Tomas Jurco 0 0 0 -3 2 4 2 0 1 2 0/0 21:42 5:09 0:00
Vitaly Abramov 0 0 0 -3 0 1 0 0 0 0 0/1 16:26 0:07 0:45
William Bitten 0 0 0 -3 0 0 1 0 0 0 0/0 15:41 0:07 0:00
Zachary Sanford 0 1 1 -3 2 5 1 0 2 0 2/2 24:42 5:09 2:58
Zemgus Girgensons 0 0 0 -1 0 0 1 0 0 1 0/0 18:34 2:46 3:09
3 Stars
1 - Garret Ross (BRI)
2 - Julian Melchiori (BRI)
3 - Connor Murphy (BRI)
Power Play
Sound Tigers - 1 on 4 Attempt(s) - 25.00%
Senators - 1 on 5 Attempt(s) - 20.00%
Penalty Kill
Sound Tigers - 4 on 5 Attempt(s) - 80.00%
- Score 1 goal in Penalty Kill
Senators - 3 on 4 Attempt(s) - 75.00%
- Score 0 goal in Penalty Kill
Team Stat
Sound Tigers - Hits : 19 - Faceoff Wins : 32 - Blocked Shots : 9 - Penalty Minutes : 10
Senators - Hits : 15 - Faceoff Wins : 37 - Blocked Shots : 12 - Penalty Minutes : 8
Official
Referees : Francis Charron and Justin St. Pierre
Linesman : Travis Toomey and Devin Berg
Game Notes
Keven Bouchard enters game at 0:36 of 2nd period
Scott Wedgewood enters game at 19:26 of 2nd period
Finance
Level 1 -- Attendance: 1752 (87.60%) -- Ticket Income $61,320
Level 2 -- Attendance: 946 (94.60%) -- Ticket Income $14,190
Total Attendance: 2698 (89.93%)
Total Ticket Income: $75,510
Other Income: $3,776
Total Income: $79,286
Sound Tigers
5 vs 5 Forward
Center Left Wing Right Wing Time % Phy DF OF
1 Ryan Bourque James Sheppard Borna Rendulic 40 1 2 2
2 Pavel Kraskovsky Garret Ross James Livingstone 30 1 2 2
3 Rhett Gardner Tyrell Goulbourne Scott Glennie 20 1 2 2
4 Ben Johnson Brad Ross Josh Archibald 10 1 2 2
5 vs 5 Defense
Defense Defense Time % Phy DF OF
1 Connor Murphy Dylan McIlrath 40 1 2 2
2 Julian Melchiori Slater Koekkoek 30 1 2 2
3 Gabriel Carlsson Alexander Yelesin 20 1 2 2
4 Connor Murphy Dylan McIlrath 10 1 2 2
PowerPlay Forward
Center Left Wing Right Wing Time % Phy DF OF
1 Ryan Bourque James Sheppard Borna Rendulic 60 1 2 2
2 Pavel Kraskovsky Garret Ross James Livingstone 40 1 2 2
PowerPlay Defense
Defense Defense Time % Phy DF OF
1 Connor Murphy Dylan McIlrath 60 1 2 2
2 Julian Melchiori Slater Koekkoek 40 1 2 2
Penalty Kill 4 Players Forward
Center Wing Time % Phy DF OF
1 James Sheppard Garret Ross 60 1 2 2
2 Borna Rendulic James Livingstone 40 1 2 2
Penalty Kill 4 Players Defense
Defense Defense Time % Phy DF OF
1 Connor Murphy Dylan McIlrath 60 1 2 2
2 Julian Melchiori Slater Koekkoek 40 1 2 2
Penalty Kill - 3 Players Forward
Forward Time % Phy DF OF
1 James Sheppard 60 1 2 2
2 Garret Ross 40 1 2 2
Penalty Kill - 3 Players Defense
Defense Defense Time % Phy DF OF
1 Connor Murphy Dylan McIlrath 60 1 2 2
2 Julian Melchiori Slater Koekkoek 40 1 2 2
4 vs 4 Forward
Center Wing Time % Phy DF OF
1 James Sheppard Garret Ross 60 1 2 2
2 Borna Rendulic James Livingstone 40 1 2 2
4 vs 4 Defense
Defense Defense Time % Phy DF OF
1 Connor Murphy Dylan McIlrath 60 1 2 2
2 Julian Melchiori Slater Koekkoek 40 1 2 2
Last Minutes Offensive
Center Left Wing Right Wing Defense Defense
Ryan Bourque James Sheppard Borna Rendulic Connor Murphy Dylan McIlrath
Last Minutes Defensive
Center Left Wing Right Wing Defense Defense
Ryan Bourque James Sheppard Borna Rendulic Connor Murphy Dylan McIlrath
Goaltenders
Starting : Pavel Francouz
Backup : Sean Maguire
Extra Forwards
Normal : Garret Pilon, Blake Speers, Brandon Gignac - PP : Garret Pilon, Blake Speers - PK : Brandon Gignac
Extra Defensemen
Normal : Gabriel Carlsson, Alexander Yelesin, Julian Melchiori - PP : Gabriel Carlsson - PK : Alexander Yelesin, Julian Melchiori
Penalty Shots
James Sheppard, Garret Ross, Borna Rendulic, James Livingstone, Ryan Bourque
Scratches
Ben Thomson (Healthy), David Broll (Healthy), Joe Labate (Healthy), Casey Staum (Healthy), Chris Driedger (Healthy)
Senators
5 vs 5 Forward
Center Left Wing Right Wing Time % Phy DF OF
1 Christoph Bertschy Zachary Sanford Tomas Jurco 35 0 2 3
2 Jordan Schroeder Zemgus Girgensons Oliver Bjorkstrand 30 0 2 3
3 Kevin Rooney Vitaly Abramov William Bitten 20 0 2 3
4 Chandler Stephenson Zachary Sanford Tomas Jurco 15 0 3 2
5 vs 5 Defense
Defense Defense Time % Phy DF OF
1 Michael Matheson Dmitry Sinitsyn 40 1 2 2
2 Keegan Lowe Dylan Blujus 35 1 2 2
3 Scott Harrington Joonas Lyytinen 20 1 2 2
4 Michael Matheson Gustav Forsling 5 1 3 1
PowerPlay Forward
Center Left Wing Right Wing Time % Phy DF OF
1 Christoph Bertschy Zachary Sanford Tomas Jurco 60 0 1 4
2 Jordan Schroeder Zemgus Girgensons Oliver Bjorkstrand 40 0 1 4
PowerPlay Defense
Defense Defense Time % Phy DF OF
1 Michael Matheson Dmitry Sinitsyn 60 0 1 4
2 Keegan Lowe Dylan Blujus 40 0 1 4
Penalty Kill 4 Players Forward
Center Wing Time % Phy DF OF
1 Christoph Bertschy Zachary Sanford 60 1 4 0
2 Jordan Schroeder Zemgus Girgensons 40 1 4 0
Penalty Kill 4 Players Defense
Defense Defense Time % Phy DF OF
1 Michael Matheson Dmitry Sinitsyn 60 1 4 0
2 Keegan Lowe Dylan Blujus 40 1 4 0
Penalty Kill - 3 Players Forward
Forward Time % Phy DF OF
1 Christoph Bertschy 60 1 4 0
2 Jordan Schroeder 40 1 4 0
Penalty Kill - 3 Players Defense
Defense Defense Time % Phy DF OF
1 Michael Matheson Dmitry Sinitsyn 60 2 3 0
2 Keegan Lowe Dylan Blujus 40 2 3 0
4 vs 4 Forward
Center Wing Time % Phy DF OF
1 Christoph Bertschy Zachary Sanford 55 0 2 3
2 Jordan Schroeder Zemgus Girgensons 45 0 2 3
4 vs 4 Defense
Defense Defense Time % Phy DF OF
1 Michael Matheson Dmitry Sinitsyn 60 1 2 2
2 Keegan Lowe Dylan Blujus 40 1 2 2
Last Minutes Offensive
Center Left Wing Right Wing Defense Defense
Christoph Bertschy Zachary Sanford Tomas Jurco Michael Matheson Dmitry Sinitsyn
Last Minutes Defensive
Center Left Wing Right Wing Defense Defense
Christoph Bertschy Zachary Sanford Tomas Jurco Michael Matheson Dmitry Sinitsyn
Goaltenders
Starting : Scott Wedgewood
Backup : Keven Bouchard
Extra Forwards
Normal : Christoph Bertschy, Jordan Schroeder, Kevin Rooney - PP : Christoph Bertschy, Jordan Schroeder - PK : Christoph Bertschy
Extra Defensemen
Normal : Joonas Lyytinen, Adam Ollas-Mattsson, Gustav Forsling - PP : Joonas Lyytinen - PK : Joonas Lyytinen, Adam Ollas-Mattsson
Penalty Shots
Tomas Jurco, Oliver Bjorkstrand, Zachary Sanford, Zemgus Girgensons, Christoph Bertschy
Scratches
Grant Besse (Healthy), Jack Dougherty (Healthy), Jake Evans (Healthy), Jonas Siegenthaler (Healthy), Mason Geertsen (Healthy)
Arttu Ruotsalainen (Healthy), Cliff Pu (Healthy), Sami Aittokallio (Healthy)
% Time on Ice - Sound Tigers
Lines # - Real PCT - Wanted PCT - Time Play
Normal Forward
1 - 37% - 40% - 16:39
2 - 26% - 30% - 11:41
3 - 22% - 20% - 10:01
4 - 15% - 10% - 6:45
Normal Defense
1 - 40% - 40% - 18:11
2 - 35% - 30% - 16:00
3 - 22% - 20% - 10:02
4 - 2% - 10% - 0:53
PP Forward
1 - 59% - 60% - 4:05
2 - 41% - 40% - 2:47
PP Defense
1 - 62% - 60% - 4:14
2 - 38% - 40% - 2:38
PK Forward
1 - 77% - 60% - 6:10
2 - 23% - 40% - 1:52
PK Defense
1 - 64% - 60% - 5:08
2 - 36% - 40% - 2:54
PK3 Forward
1 - 0% - 60%
2 - 0% - 40%
PK3 Defense
1 - 0% - 60%
2 - 0% - 40%
44 Forward
1 - 0% - 60%
2 - 0% - 40%
44 Defense
1 - 0% - 60%
2 - 0% - 40%
Last Minute Offensive - 0:00
Last Minute Defensive - 0:00
Total
Forward - 60:00
Defense - 60:00
|
% Time on Ice - Senators
Lines # - Real PCT - Wanted PCT - Time Play
Normal Forward
1 - 28% - 35% - 12:49
2 - 28% - 30% - 12:25
3 - 35% - 20% - 15:34
4 - 10% - 15% - 4:18
Normal Defense
1 - 38% - 40% - 17:09
2 - 35% - 35% - 15:49
3 - 22% - 20% - 10:06
4 - 5% - 5% - 2:02
PP Forward
1 - 66% - 60% - 5:16
2 - 34% - 40% - 2:46
PP Defense
1 - 66% - 60% - 5:18
2 - 34% - 40% - 2:44
PK Forward
1 - 80% - 60% - 5:28
2 - 20% - 40% - 1:24
PK Defense
1 - 66% - 60% - 4:31
2 - 34% - 40% - 2:21
PK3 Forward
1 - 0% - 60%
2 - 0% - 40%
PK3 Defense
1 - 0% - 60%
2 - 0% - 40%
44 Forward
1 - 0% - 55%
2 - 0% - 45%
44 Defense
1 - 0% - 60%
2 - 0% - 40%
Last Minute Offensive - 0:00
Last Minute Defensive - 0:00
Total
Forward - 60:00
Defense - 60:00
|
Play-by-Play
1st period
0:01 of 1st period - Ryan Bourque wins face-off versus Christoph Bertschy in neutral zone.
0:48 of 1st period - Dylan Blujus is hit by Scott Glennie and loses puck.
1:09 of 1st period - Snap shot by Rhett Gardner.
1:09 of 1st period - Shot Blocked by Scott Harrington.
2:33 of 1st period - Gabriel Carlsson is hit by Dmitry Sinitsyn and loses puck.
2:50 of 1st period - Dmitry Sinitsyn is hit by Dylan McIlrath.
4:29 of 1st period - Snap shot by Borna Rendulic.
4:29 of 1st period - Stopped by Scott Wedgewood without a rebound.
4:30 of 1st period - Chandler Stephenson wins face-off versus Ryan Bourque in Senators zone.
4:55 of 1st period - Wrist shot by Kevin Rooney.
4:55 of 1st period - Stopped by Pavel Francouz with a rebound.
5:17 of 1st period - Scott Glennie is hit by Jordan Schroeder.
5:31 of 1st period - Slapshot by Keegan Lowe.
5:31 of 1st period - Stopped by Pavel Francouz with a rebound.
5:33 of 1st period - Snap shot by Kevin Rooney.
5:33 of 1st period - Stopped by Pavel Francouz with a rebound.
5:43 of 1st period - Tomas Jurco is hit by Ben Johnson and loses puck.
5:59 of 1st period - Off-side.
6:00 of 1st period - Jordan Schroeder wins face-off versus Pavel Kraskovsky in neutral zone.
6:25 of 1st period - James Sheppard is hit by Dmitry Sinitsyn and loses puck.
6:42 of 1st period - Wrist shot by Kevin Rooney.
6:42 of 1st period - Shot Misses the Net.
6:44 of 1st period - Slapshot by Keegan Lowe.
6:44 of 1st period - Stopped by Pavel Francouz without a rebound.
6:45 of 1st period - Rhett Gardner wins face-off versus Kevin Rooney in Sound Tigers zone.
7:00 of 1st period - Rhett Gardner is hit by Dmitry Sinitsyn and loses puck.
7:05 of 1st period - Wrist shot by Kevin Rooney.
7:05 of 1st period - Stopped by Pavel Francouz without a rebound.
7:06 of 1st period - James Sheppard wins face-off versus Christoph Bertschy in Sound Tigers zone.
7:11 of 1st period - Wrist shot by Borna Rendulic.
7:11 of 1st period - Shot Misses the Net.
7:16 of 1st period - Off-side.
7:17 of 1st period - Christoph Bertschy wins face-off versus Ryan Bourque in neutral zone.
7:26 of 1st period - Snap shot by Zachary Sanford.
7:26 of 1st period - Shot Misses the Net.
7:35 of 1st period - Minor Penalty to Zachary Sanford for Roughing.
7:36 of 1st period - Ryan Bourque wins face-off versus Christoph Bertschy in Senators zone.
7:52 of 1st period - James Sheppard is hit by Zemgus Girgensons.
8:37 of 1st period - Icing by Julian Melchiori.
8:38 of 1st period - Anthony Richard wins face-off versus Pavel Kraskovsky in Sound Tigers zone.
8:43 of 1st period - Snap shot by Vitaly Abramov.
8:43 of 1st period - Stopped by Pavel Francouz without a rebound.
8:44 of 1st period - Ryan Bourque wins face-off versus Anthony Richard in Sound Tigers zone.
8:59 of 1st period - Michael Matheson is hit by Borna Rendulic and loses puck.
9:35 of 1st period - Penalty to Zachary Sanford is over, Zachary Sanford is back on ice.
10:23 of 1st period - Wrist shot by Ryan Bourque.
10:23 of 1st period - Shot Blocked by Dmitry Sinitsyn.
11:03 of 1st period - Wrist shot by James Livingstone.
11:03 of 1st period - Stopped by Scott Wedgewood with a rebound.
11:07 of 1st period - Snap shot by Pavel Kraskovsky.
11:07 of 1st period - Shot Blocked by Keegan Lowe.
11:09 of 1st period - Slapshot by Slater Koekkoek.
11:09 of 1st period - Stopped by Scott Wedgewood with a rebound.
11:11 of 1st period - Backhand shot by Garret Ross.
11:11 of 1st period - Shot Misses the Net.
11:13 of 1st period - Snap shot by Julian Melchiori.
11:13 of 1st period - Goal by Julian Melchiori - Sound Tigers : 1 - Senators : 0.
11:14 of 1st period - Christoph Bertschy wins face-off versus Ryan Bourque in neutral zone.
11:16 of 1st period - Off-side.
11:17 of 1st period - Christoph Bertschy wins face-off versus Ryan Bourque in neutral zone.
11:43 of 1st period - Keegan Lowe is hit by Garret Ross and loses puck.
12:04 of 1st period - Snap shot by Connor Murphy.
12:04 of 1st period - Shot Misses the Net.
12:06 of 1st period - Snap shot by Rhett Gardner.
12:06 of 1st period - Shot Misses the Net.
12:08 of 1st period - Wrist shot by Tyrell Goulbourne.
12:08 of 1st period - Goal by Tyrell Goulbourne - Sound Tigers : 2 - Senators : 0.
12:09 of 1st period - Christoph Bertschy wins face-off versus Ryan Bourque in neutral zone.
13:00 of 1st period - Dylan Blujus is hit by Pavel Kraskovsky and loses puck.
13:07 of 1st period - Dylan McIlrath is hit by Scott Harrington and loses puck.
13:24 of 1st period - Snap shot by Tyrell Goulbourne.
13:24 of 1st period - Shot Blocked by Joonas Lyytinen.
13:51 of 1st period - Snap shot by Christoph Bertschy.
13:51 of 1st period - Stopped by Pavel Francouz without a rebound.
13:52 of 1st period - Christoph Bertschy wins face-off versus Pavel Kraskovsky in Sound Tigers zone.
14:01 of 1st period - Wrist shot by James Livingstone.
14:01 of 1st period - Goal by James Livingstone - Sound Tigers : 3 - Senators : 0.
14:02 of 1st period - Christoph Bertschy wins face-off versus Ryan Bourque in neutral zone.
15:23 of 1st period - Off-side.
15:24 of 1st period - Ryan Bourque wins face-off versus Jordan Schroeder in neutral zone.
15:36 of 1st period - Slapshot by James Sheppard.
15:36 of 1st period - Deflect By Borna Rendulic.
15:36 of 1st period - Stopped by Scott Wedgewood with a rebound.
15:38 of 1st period - Snap shot by Ryan Bourque.
15:38 of 1st period - Stopped by Scott Wedgewood without a rebound.
15:39 of 1st period - Christoph Bertschy wins face-off versus Pavel Kraskovsky in Senators zone.
15:39 of 1st period - Christoph Bertschy is hit by James Livingstone.
15:53 of 1st period - Slapshot by Tomas Jurco.
15:53 of 1st period - Stopped by Pavel Francouz with a rebound.
15:55 of 1st period - Slapshot by Tomas Jurco.
15:55 of 1st period - Stopped by Pavel Francouz with a rebound.
16:40 of 1st period - William Bitten is hit by Connor Murphy and loses puck.
16:59 of 1st period - Snap shot by Kevin Rooney.
16:59 of 1st period - Shot Misses the Net.
17:11 of 1st period - Wrist shot by Kevin Rooney.
17:11 of 1st period - Shot Misses the Net.
17:16 of 1st period - Icing by James Sheppard.
17:17 of 1st period - Christoph Bertschy wins face-off versus Ryan Bourque in Sound Tigers zone.
17:26 of 1st period - Wrist shot by Christoph Bertschy.
17:26 of 1st period - Shot Misses the Net.
17:30 of 1st period - Snap shot by Tomas Jurco.
17:30 of 1st period - Deflect By Zachary Sanford.
17:30 of 1st period - Shot Misses the Net.
17:30 of 1st period - Puck is out of play.
17:31 of 1st period - James Livingstone wins face-off versus Christoph Bertschy in Sound Tigers zone.
17:38 of 1st period - Wrist shot by Garret Ross.
17:38 of 1st period - Shot Misses the Net.
17:40 of 1st period - Slapshot by Slater Koekkoek.
17:40 of 1st period - Stopped by Scott Wedgewood without a rebound.
17:41 of 1st period - Christoph Bertschy wins face-off versus Pavel Kraskovsky in Senators zone.
17:46 of 1st period - Snap shot by James Livingstone.
17:46 of 1st period - Stopped by Scott Wedgewood without a rebound.
17:47 of 1st period - Christoph Bertschy wins face-off versus Pavel Kraskovsky in Senators zone.
17:47 of 1st period - Christoph Bertschy is hit by Garret Ross.
17:55 of 1st period - Wrist shot by Tomas Jurco.
17:55 of 1st period - Shot Blocked by Garret Ross.
17:57 of 1st period - Slapshot by Tomas Jurco.
17:57 of 1st period - Deflect By Zachary Sanford.
17:57 of 1st period - Shot Blocked by Garret Ross.
17:57 of 1st period - Puck is out of play.
17:58 of 1st period - Christoph Bertschy wins face-off versus Pavel Kraskovsky in Sound Tigers zone.
18:05 of 1st period - Snap shot by Christoph Bertschy.
18:05 of 1st period - Stopped by Pavel Francouz without a rebound.
18:06 of 1st period - Christoph Bertschy wins face-off versus Pavel Kraskovsky in Sound Tigers zone.
18:39 of 1st period - Wrist shot by James Sheppard.
18:39 of 1st period - Stopped by Scott Wedgewood with a rebound.
18:41 of 1st period - Slapshot by Alexander Yelesin.
18:41 of 1st period - Stopped by Scott Wedgewood with a rebound.
18:51 of 1st period - Slapshot by Connor Murphy.
18:51 of 1st period - Stopped by Scott Wedgewood without a rebound.
18:52 of 1st period - Rhett Gardner wins face-off versus Kevin Rooney in Senators zone.
19:03 of 1st period - Slapshot by Dmitry Sinitsyn.
19:03 of 1st period - Stopped by Pavel Francouz with a rebound.
19:22 of 1st period - Backhand shot by James Sheppard.
19:22 of 1st period - Stopped by Scott Wedgewood with a rebound.
19:36 of 1st period - Wrist shot by Garret Ross.
19:36 of 1st period - Stopped by Scott Wedgewood without a rebound.
19:37 of 1st period - Pavel Kraskovsky wins face-off versus Jordan Schroeder in Senators zone.
19:41 of 1st period - Minor Penalty to Joonas Lyytinen for Holding.
19:42 of 1st period - Christoph Bertschy wins face-off versus Ryan Bourque in Senators zone.
19:50 of 1st period - Christoph Bertschy is hit by Borna Rendulic and loses puck.
Goals for this period are 3 for Sound Tigers vs 0 for Senators.
Shots for this period are 15 for Sound Tigers vs 11 for Senators.
2nd period
0:01 of 2nd period - Ryan Bourque wins face-off versus Christoph Bertschy in neutral zone.
0:04 of 2nd period - Slapshot by Connor Murphy.
0:04 of 2nd period - Shot Misses the Net.
0:26 of 2nd period - Snap shot by Zemgus Girgensons.
0:26 of 2nd period - Shot Blocked by James Livingstone.
0:32 of 2nd period - Slapshot by Connor Murphy.
0:32 of 2nd period - Shot Misses the Net.
0:34 of 2nd period - Snap shot by James Livingstone.
0:34 of 2nd period - Shot Misses the Net.
0:36 of 2nd period - Slapshot by Garret Ross.
0:36 of 2nd period - Deflect By Pavel Kraskovsky.
0:36 of 2nd period - Goal by Pavel Kraskovsky - Sound Tigers : 4 - Senators : 0.
0:36 of 2nd period - Keven Bouchard enters game.
0:37 of 2nd period - Ryan Bourque wins face-off versus Christoph Bertschy in neutral zone.
0:50 of 2nd period - Snap shot by Tomas Jurco.
0:50 of 2nd period - Deflect By Zachary Sanford.
0:50 of 2nd period - Stopped by Pavel Francouz without a rebound.
0:51 of 2nd period - Christoph Bertschy wins face-off versus Pavel Kraskovsky in Sound Tigers zone.
3:26 of 2nd period - Slapshot by Connor Murphy.
3:26 of 2nd period - Stopped by Keven Bouchard without a rebound.
3:27 of 2nd period - Kevin Rooney wins face-off versus Ben Johnson in Senators zone.
3:49 of 2nd period - Icing by Michael Matheson.
3:50 of 2nd period - Kevin Rooney wins face-off versus Ryan Bourque in Senators zone.
4:02 of 2nd period - Slapshot by Jordan Schroeder.
4:02 of 2nd period - Stopped by Pavel Francouz with a rebound.
4:04 of 2nd period - Snap shot by Jordan Schroeder.
4:04 of 2nd period - Stopped by Pavel Francouz with a rebound.
4:06 of 2nd period - Slapshot by Jordan Schroeder.
4:06 of 2nd period - Deflect By Zemgus Girgensons.
4:06 of 2nd period - Shot Misses the Net.
4:06 of 2nd period - Puck is out of play.
4:07 of 2nd period - Pavel Kraskovsky wins face-off versus Christoph Bertschy in Sound Tigers zone.
4:09 of 2nd period - Minor Penalty to Dylan McIlrath for Hooking.
4:10 of 2nd period - James Sheppard wins face-off versus Christoph Bertschy in Sound Tigers zone.
4:22 of 2nd period - Slapshot by Tomas Jurco.
4:22 of 2nd period - Shot Misses the Net.
4:24 of 2nd period - Snap shot by Christoph Bertschy.
4:24 of 2nd period - Stopped by Pavel Francouz without a rebound.
4:25 of 2nd period - Christoph Bertschy wins face-off versus James Sheppard in Sound Tigers zone.
4:34 of 2nd period - Slapshot by Connor Murphy.
4:34 of 2nd period - Stopped by Keven Bouchard with a rebound.
4:36 of 2nd period - Snap shot by Connor Murphy.
4:36 of 2nd period - Shot Blocked by Michael Matheson.
4:57 of 2nd period - Backhand shot by Garret Ross.
4:57 of 2nd period - Shot Misses the Net.
4:59 of 2nd period - Slapshot by James Sheppard.
4:59 of 2nd period - Goal by James Sheppard - Sound Tigers : 5 - Senators : 0.
5:00 of 2nd period - Jordan Schroeder wins face-off versus James Sheppard in neutral zone.
6:02 of 2nd period - Snap shot by Garret Ross.
6:02 of 2nd period - Deflect By Tomas Jurco.
6:02 of 2nd period - Stopped by Keven Bouchard with a rebound.
6:09 of 2nd period - Penalty to Dylan McIlrath is over, Dylan McIlrath is back on ice.
6:18 of 2nd period - Wrist shot by Scott Glennie.
6:18 of 2nd period - Shot Misses the Net.
6:20 of 2nd period - Snap shot by Rhett Gardner.
6:20 of 2nd period - Shot Misses the Net.
6:22 of 2nd period - Snap shot by Scott Glennie.
6:22 of 2nd period - Shot Misses the Net.
6:24 of 2nd period - Slapshot by Slater Koekkoek.
6:24 of 2nd period - Shot Misses the Net.
6:26 of 2nd period - Wrist shot by Rhett Gardner.
6:26 of 2nd period - Shot Blocked by Keegan Lowe.
6:38 of 2nd period - Snap shot by Jordan Schroeder.
6:38 of 2nd period - Shot Misses the Net.
6:40 of 2nd period - Slapshot by Dylan Blujus.
6:40 of 2nd period - Stopped by Pavel Francouz without a rebound.
6:40 of 2nd period - Minor Penalty to Pavel Francouz for Slashing.
6:41 of 2nd period - James Sheppard wins face-off versus Christoph Bertschy in Sound Tigers zone.
6:41 of 2nd period - James Sheppard is hit by Tomas Jurco.
8:40 of 2nd period - Penalty to Connor Murphy is over, Connor Murphy is back on ice.
9:09 of 2nd period - Wrist shot by Connor Murphy.
9:09 of 2nd period - Shot Blocked by Joonas Lyytinen.
10:00 of 2nd period - Slapshot by Brad Ross.
10:00 of 2nd period - Stopped by Keven Bouchard with a rebound.
10:04 of 2nd period - Snap shot by Connor Murphy.
10:04 of 2nd period - Stopped by Keven Bouchard with a rebound.
10:06 of 2nd period - Slapshot by Gabriel Carlsson.
10:06 of 2nd period - Shot Blocked by Joonas Lyytinen.
10:08 of 2nd period - Backhand shot by Connor Murphy.
10:08 of 2nd period - Goal by Connor Murphy - Sound Tigers : 6 - Senators : 0.
10:09 of 2nd period - Pavel Kraskovsky wins face-off versus Christoph Bertschy in neutral zone.
10:16 of 2nd period - Snap shot by Pavel Kraskovsky.
10:16 of 2nd period - Shot Blocked by Christoph Bertschy.
10:18 of 2nd period - Slapshot by Garret Ross.
10:18 of 2nd period - Stopped by Keven Bouchard without a rebound.
10:19 of 2nd period - Christoph Bertschy wins face-off versus Pavel Kraskovsky in Senators zone.
10:21 of 2nd period - Minor Penalty to Tomas Jurco for Interference.
10:22 of 2nd period - Ryan Bourque wins face-off versus Christoph Bertschy in Senators zone.
10:22 of 2nd period - Snap shot by James Sheppard.
10:22 of 2nd period - Stopped by Keven Bouchard without a rebound.
10:23 of 2nd period - Ryan Bourque wins face-off versus Christoph Bertschy in Senators zone.
10:56 of 2nd period - Wrist shot by James Livingstone.
10:56 of 2nd period - Shot Blocked by Dmitry Sinitsyn.
12:21 of 2nd period - Penalty to Tomas Jurco is over, Tomas Jurco is back on ice.
12:38 of 2nd period - Snap shot by Scott Glennie.
12:38 of 2nd period - Shot Misses the Net.
12:40 of 2nd period - Slapshot by Gabriel Carlsson.
12:40 of 2nd period - Stopped by Keven Bouchard with a rebound.
13:05 of 2nd period - Keegan Lowe is hit by Rhett Gardner and loses puck.
13:16 of 2nd period - Julian Melchiori is hit by William Bitten and loses puck.
13:24 of 2nd period - Icing by Slater Koekkoek.
13:25 of 2nd period - Chandler Stephenson wins face-off versus Ben Johnson in Sound Tigers zone.
13:28 of 2nd period - Snap shot by Zachary Sanford.
13:28 of 2nd period - Stopped by Pavel Francouz with a rebound.
13:54 of 2nd period - Snap shot by Scott Glennie.
13:54 of 2nd period - Shot Misses the Net.
14:22 of 2nd period - Dmitry Sinitsyn is hit by Borna Rendulic and loses puck.
15:22 of 2nd period - Pavel Kraskovsky is hit by Jordan Schroeder and loses puck.
16:36 of 2nd period - Scott Harrington is hit by James Livingstone and loses puck.
16:54 of 2nd period - Off-side.
16:55 of 2nd period - Ryan Bourque wins face-off versus Christoph Bertschy in neutral zone.
18:02 of 2nd period - Slapshot by Connor Murphy.
18:02 of 2nd period - Stopped by Keven Bouchard with a rebound.
18:05 of 2nd period - Icing by Michael Matheson.
18:06 of 2nd period - Ryan Bourque wins face-off versus Vitaly Abramov in Senators zone.
18:37 of 2nd period - Wrist shot by Scott Glennie.
18:37 of 2nd period - Goal by Scott Glennie - Sound Tigers : 7 - Senators : 0.
18:38 of 2nd period - Ryan Bourque wins face-off versus Christoph Bertschy in neutral zone.
18:47 of 2nd period - Wrist shot by Zachary Sanford.
18:47 of 2nd period - Stopped by Pavel Francouz with a rebound.
18:49 of 2nd period - Wrist shot by Tomas Jurco.
18:49 of 2nd period - Stopped by Pavel Francouz with a rebound.
18:51 of 2nd period - Wrist shot by Keegan Lowe.
18:51 of 2nd period - Deflect By Zachary Sanford.
18:51 of 2nd period - Shot Blocked by Connor Murphy.
18:51 of 2nd period - Puck is out of play.
18:52 of 2nd period - Christoph Bertschy wins face-off versus Pavel Kraskovsky in Sound Tigers zone.
19:03 of 2nd period - Snap shot by Christoph Bertschy.
19:03 of 2nd period - Shot Blocked by Dylan McIlrath.
19:05 of 2nd period - Minor Penalty to James Livingstone for Cross-checking.
19:06 of 2nd period - Christoph Bertschy wins face-off versus James Sheppard in Sound Tigers zone.
19:09 of 2nd period - Snap shot by Christoph Bertschy.
19:09 of 2nd period - Shot Misses the Net.
19:11 of 2nd period - Slapshot by Dmitry Sinitsyn.
19:11 of 2nd period - Goal by Dmitry Sinitsyn - Sound Tigers : 7 - Senators : 1.
19:12 of 2nd period - Ryan Bourque wins face-off versus Christoph Bertschy in neutral zone.
19:17 of 2nd period - Dmitry Sinitsyn is hit by Ryan Bourque and loses puck.
19:26 of 2nd period - Snap shot by Ryan Bourque.
19:26 of 2nd period - Deflect By James Sheppard.
19:26 of 2nd period - Goal by James Sheppard - Sound Tigers : 8 - Senators : 1.
19:26 of 2nd period - Scott Wedgewood enters game.
19:27 of 2nd period - Christoph Bertschy wins face-off versus James Livingstone in neutral zone.
19:31 of 2nd period - Minor Penalty to Pavel Kraskovsky for Tripping.
19:32 of 2nd period - James Sheppard wins face-off versus Christoph Bertschy in Sound Tigers zone.
19:45 of 2nd period - Snap shot by Christoph Bertschy.
19:45 of 2nd period - Stopped by Pavel Francouz without a rebound.
19:46 of 2nd period - James Sheppard wins face-off versus Christoph Bertschy in Sound Tigers zone.
Goals for this period are 5 for Sound Tigers vs 1 for Senators.
Shots for this period are 14 for Sound Tigers vs 10 for Senators.
3rd period
0:01 of 3rd period - James Sheppard wins face-off versus Christoph Bertschy in neutral zone.
0:10 of 3rd period - Dylan McIlrath is hit by Zachary Sanford.
0:16 of 3rd period - Backhand shot by Christoph Bertschy.
0:16 of 3rd period - Stopped by Pavel Francouz with a rebound.
1:31 of 3rd period - Penalty to Pavel Kraskovsky is over, Pavel Kraskovsky is back on ice.
1:39 of 3rd period - Slapshot by Connor Murphy.
1:39 of 3rd period - Shot Misses the Net.
1:52 of 3rd period - Off-side.
1:53 of 3rd period - Ben Johnson wins face-off versus Jordan Schroeder in neutral zone.
2:00 of 3rd period - Wrist shot by Ben Johnson.
2:00 of 3rd period - Shot Misses the Net.
2:42 of 3rd period - Connor Murphy is hit by Joonas Lyytinen and loses puck.
2:49 of 3rd period - Snap shot by Tomas Jurco.
2:49 of 3rd period - Shot Misses the Net.
3:07 of 3rd period - Snap shot by Garret Ross.
3:07 of 3rd period - Shot Misses the Net.
3:19 of 3rd period - Ben Johnson is hit by Tomas Jurco and loses puck.
4:05 of 3rd period - Wrist shot by Ryan Bourque.
4:05 of 3rd period - Shot Misses the Net.
4:15 of 3rd period - Tomas Jurco is hit by Josh Archibald and loses puck.
4:28 of 3rd period - Wrist shot by Ben Johnson.
4:28 of 3rd period - Shot Misses the Net.
4:39 of 3rd period - Michael Matheson is hit by Garret Ross and loses puck.
4:59 of 3rd period - Wrist shot by Kevin Rooney.
4:59 of 3rd period - Stopped by Pavel Francouz with a rebound.
5:05 of 3rd period - Wrist shot by Kevin Rooney.
5:05 of 3rd period - Shot Misses the Net.
6:02 of 3rd period - Snap shot by Ben Johnson.
6:02 of 3rd period - Stopped by Scott Wedgewood without a rebound.
6:03 of 3rd period - Kevin Rooney wins face-off versus Brad Ross in Senators zone.
7:46 of 3rd period - Vitaly Abramov is hit by Julian Melchiori and loses puck.
8:20 of 3rd period - Icing by Scott Harrington.
8:21 of 3rd period - James Sheppard wins face-off versus Kevin Rooney in Senators zone.
8:26 of 3rd period - Slapshot by Borna Rendulic.
8:26 of 3rd period - Stopped by Scott Wedgewood with a rebound.
8:28 of 3rd period - Snap shot by James Sheppard.
8:28 of 3rd period - Stopped by Scott Wedgewood without a rebound.
8:29 of 3rd period - Ryan Bourque wins face-off versus Christoph Bertschy in Senators zone.
8:32 of 3rd period - Snap shot by Borna Rendulic.
8:32 of 3rd period - Shot Misses the Net.
9:08 of 3rd period - Minor Penalty to Keegan Lowe for Hooking.
9:09 of 3rd period - Christoph Bertschy wins face-off versus Ryan Bourque in Senators zone.
9:09 of 3rd period - Christoph Bertschy is hit by Borna Rendulic.
9:25 of 3rd period - Icing by Slater Koekkoek.
9:26 of 3rd period - Christoph Bertschy wins face-off versus Ryan Bourque in Sound Tigers zone.
9:35 of 3rd period - Snap shot by Borna Rendulic.
9:35 of 3rd period - Shot Misses the Net.
9:37 of 3rd period - Wrist shot by James Sheppard.
9:37 of 3rd period - Shot Misses the Net.
9:39 of 3rd period - Wrist shot by James Sheppard.
9:39 of 3rd period - Stopped by Scott Wedgewood with a rebound.
9:54 of 3rd period - Off-side.
9:55 of 3rd period - Jordan Schroeder wins face-off versus Pavel Kraskovsky in neutral zone.
10:00 of 3rd period - Icing by Dylan McIlrath.
10:01 of 3rd period - Christoph Bertschy wins face-off versus Garret Ross in Sound Tigers zone.
10:02 of 3rd period - Snap shot by Zachary Sanford.
10:02 of 3rd period - Shot Misses the Net.
10:16 of 3rd period - Wrist shot by James Livingstone.
10:16 of 3rd period - Shot Misses the Net.
11:08 of 3rd period - Penalty to Keegan Lowe is over, Keegan Lowe is back on ice.
11:13 of 3rd period - Vitaly Abramov is hit by Rhett Gardner and loses puck.
11:24 of 3rd period - Slapshot by Rhett Gardner.
11:24 of 3rd period - Stopped by Scott Wedgewood without a rebound.
11:25 of 3rd period - Pavel Kraskovsky wins face-off versus Jordan Schroeder in Senators zone.
11:38 of 3rd period - Slapshot by Dmitry Sinitsyn.
11:38 of 3rd period - Deflect By Zemgus Girgensons.
11:38 of 3rd period - Shot Misses the Net.
11:38 of 3rd period - Puck is out of play.
11:39 of 3rd period - Zachary Sanford wins face-off versus Ryan Bourque in Sound Tigers zone.
11:44 of 3rd period - Snap shot by Zachary Sanford.
11:44 of 3rd period - Shot Misses the Net.
11:46 of 3rd period - Snap shot by Dmitry Sinitsyn.
11:46 of 3rd period - Shot Blocked by Dylan McIlrath.
11:48 of 3rd period - Snap shot by Zachary Sanford.
11:48 of 3rd period - Stopped by Pavel Francouz without a rebound.
11:49 of 3rd period - Christoph Bertschy wins face-off versus Ryan Bourque in Sound Tigers zone.
12:06 of 3rd period - Slapshot by Christoph Bertschy.
12:06 of 3rd period - Stopped by Pavel Francouz without a rebound.
12:07 of 3rd period - Jordan Schroeder wins face-off versus Pavel Kraskovsky in Sound Tigers zone.
12:14 of 3rd period - Snap shot by Jordan Schroeder.
12:14 of 3rd period - Shot Misses the Net.
12:34 of 3rd period - Connor Murphy is hit by Keegan Lowe and loses puck.
12:59 of 3rd period - Backhand shot by Dylan McIlrath.
12:59 of 3rd period - Shot Misses the Net.
13:01 of 3rd period - Slapshot by Connor Murphy.
13:01 of 3rd period - Shot Blocked by Dmitry Sinitsyn.
13:03 of 3rd period - Snap shot by Rhett Gardner.
13:03 of 3rd period - Stopped by Scott Wedgewood with a rebound.
13:05 of 3rd period - Snap shot by Tyrell Goulbourne.
13:05 of 3rd period - Shot Blocked by Michael Matheson.
13:27 of 3rd period - Snap shot by Garret Ross.
13:27 of 3rd period - Stopped by Scott Wedgewood without a rebound.
13:28 of 3rd period - Ryan Bourque wins face-off versus Christoph Bertschy in Senators zone.
13:55 of 3rd period - James Livingstone is hit by Oliver Bjorkstrand.
14:01 of 3rd period - Slapshot by Oliver Bjorkstrand.
14:01 of 3rd period - Stopped by Pavel Francouz without a rebound.
14:02 of 3rd period - Ryan Bourque wins face-off versus Christoph Bertschy in Sound Tigers zone.
14:02 of 3rd period - Ryan Bourque is hit by Scott Harrington.
14:14 of 3rd period - Snap shot by Tomas Jurco.
14:14 of 3rd period - Stopped by Pavel Francouz without a rebound.
14:15 of 3rd period - Zachary Sanford wins face-off versus Ryan Bourque in Sound Tigers zone.
14:22 of 3rd period - Wrist shot by Zachary Sanford.
14:22 of 3rd period - Stopped by Pavel Francouz with a rebound.
14:24 of 3rd period - Snap shot by Christoph Bertschy.
14:24 of 3rd period - Shot Blocked by Connor Murphy.
14:26 of 3rd period - Snap shot by Tomas Jurco.
14:26 of 3rd period - Shot Misses the Net.
14:28 of 3rd period - Snap shot by Zachary Sanford.
14:28 of 3rd period - Shot Misses the Net.
14:30 of 3rd period - Slapshot by Dmitry Sinitsyn.
14:30 of 3rd period - Stopped by Pavel Francouz with a rebound.
15:07 of 3rd period - Slapshot by Tyrell Goulbourne.
15:07 of 3rd period - Stopped by Scott Wedgewood without a rebound.
15:08 of 3rd period - Christoph Bertschy wins face-off versus Ryan Bourque in Senators zone.
15:12 of 3rd period - Off-side.
15:13 of 3rd period - Borna Rendulic wins face-off versus Christoph Bertschy in neutral zone.
15:48 of 3rd period - Snap shot by Vitaly Abramov.
15:48 of 3rd period - Shot Misses the Net.
15:50 of 3rd period - Backhand shot by William Bitten.
15:50 of 3rd period - Shot Blocked by Slater Koekkoek.
16:16 of 3rd period - Minor Penalty to Pavel Kraskovsky for Interference.
16:17 of 3rd period - Christoph Bertschy wins face-off versus James Sheppard in Sound Tigers zone.
16:24 of 3rd period - Wrist shot by Zachary Sanford.
16:24 of 3rd period - Deflect By Garret Ross.
16:24 of 3rd period - Shot Blocked by Connor Murphy.
16:24 of 3rd period - Puck is out of play.
16:25 of 3rd period - James Sheppard wins face-off versus Christoph Bertschy in Sound Tigers zone.
18:16 of 3rd period - Penalty to Pavel Kraskovsky is over, Pavel Kraskovsky is back on ice.
19:23 of 3rd period - Backhand shot by Slater Koekkoek.
19:23 of 3rd period - Shot Misses the Net.
19:59 of 3rd period - Snap shot by Josh Archibald.
19:59 of 3rd period - Shot Misses the Net.
Goals for this period are 0 for Sound Tigers vs 0 for Senators.
Shots for this period are 8 for Sound Tigers vs 8 for Senators.
Output by the SimonT Hockey Simulator (STHS) for Francois Prevost